 Dungeon Crawl Stone Soup version 0.13.1-19-g4b9377e (webtiles) character file.

200 Kae the Chopper (level 4, -2/37 HPs)
             Began as a Hill Orc Abyssal Knight on Dec 19, 2013.
             Was a Believer of Lugonu.
             Killed from afar by an orc wizard (7 damage)
             ... with a magic dart
             ... on Level 3 of the Dungeon.
             The game lasted 00:02:11 (1846 turns).

Kae the Chopper (Hill Orc Abyssal Knight)           Turns: 1846, Time: 00:02:12

HP  -2/37        AC  4     Str 15      XL: 4   Next:  0%
MP   6/6         EV 10     Int 12      God: Lugonu [**....]
Gold 143         SH  0     Dex 10      Spells:  0 memorised,  3 levels left

Res.Fire  : . . .   See Invis. : .   a - +2 orc hand axe {=f}
Res.Cold  : . . .   Warding    : .   b - +0 orc leather armour
Life Prot.: . . .   Conserve   : .   (no shield)
Res.Poison: .       Res.Corr.  : .   o - +0 helmet
Res.Elec. : .       Clarity    : .   (no cloak)
Sust.Abil.: . .     Spirit.Shd : .   (no gloves)
Res.Mut.  : .       Stasis     : .   (no boots)
Res.Rott. : .       Flight     : .   (no amulet)
Saprovore : + . .                    (no ring)
                                     (no ring)

@: slightly resistant to hostile enchantments, very unstealthy
A: saprovore 1
a: Depart the Abyss, Bend Space, Renounce Religion


You were on level 3 of the Dungeon.
You worshipped Lugonu.
Lugonu was pleased with you.
You were not hungry.

You visited 1 branch of the dungeon, and saw 3 of its levels.
You visited the Abyss 1 time.

You collected 123 gold pieces.

Inventory:

Hand weapons
 a - a +2,+2 orcish hand axe (weapon) {=f}
Armour
 b - a +0 orcish leather armour (worn)
 o - a +0 helmet (worn)
Comestibles
 c - a meat ration
 k - a bread ration
 l - a pear
Scrolls
 d - 5 scrolls of remove curse {unknown}
 i - 2 scrolls of identify {unknown}
 j - a scroll of noise {unknown}
Jewellery
 f - an uncursed ring of poison resistance {unknown}
Potions
 e - a potion of flight {unknown}
 g - a potion of heal wounds {unknown}
 h - a potion of resistance {unknown}
 m - a potion of poison
 n - a potion of restore abilities {unknown}


   Skills:
 - Level 3.6 Fighting
 * Level 4.7 Axes
 - Level 2.1 Armour
 - Level 0.7 Dodging
 + Level 3.6 Invocations


You had 3 spell levels left.
You didn't know any spells.

Dungeon Overview and Level Annotations

Branches:
Dungeon (3/27)

Altars:


Innate Abilities, Weirdness & Mutations

You can tolerate rotten meat.


Message History

The orc wizard is moderately wounded.
The orc wizard hits you with an orcish dagger.
You are too injured to fight recklessly!
You are too injured to fight recklessly!
You barely miss the orc wizard.
The orc wizard is moderately wounded.
The orc wizard hits you but does no damage.
You closely miss the orc wizard.
The orc wizard is moderately wounded.
The orc wizard completely misses you.
You barely miss the orc wizard.
The orc wizard is moderately wounded.
The orc wizard gestures at you while chanting.
The puff of frost hits you!
* * * LOW HITPOINT WARNING * * *
You barely miss the orc wizard.
The orc wizard is moderately wounded.
The orc wizard casts a spell at you. The magic dart hits you!
You die...

###.### ##.....
#.....###......
#.....##....... .
#.....##...<... #..
#.....##.......
#.....###.............#
#...?........[.###...##
#....######.#### ###.#
#o@=.....## .#
#.###.....# .# #.
#.......# .# #.
#...<...# . #.
#.......# .. ##........
#. .....##### ##
...#### ####


You could see an orc wizard.

Vanquished Creatures
  2 adders (D:2)
  A worm (D:2)
  5 giant cockroaches
  8 hobgoblins
  A quokka (D:2)
  7 bats
  A giant gecko (D:1)
  A giant newt (D:2)
  2 goblins (D:2)
  A kobold (D:2)
  4 rats
33 creatures vanquished.

Notes
Turn   | Place    | Note
--------------------------------------------------------------
     0 | Abyss:1  | Kae, the Hill Orc Abyssal Knight, began the quest for the Orb.
     0 | Abyss:1  | Reached XP level 1. HP: 17/17 MP: 1/1
    16 | D:1      | Escaped the Abyss
   239 | D:1      | Reached XP level 2. HP: 11/24 MP: 2/2
   892 | D:2      | Reached skill level 4 in Axes
   892 | D:2      | Reached XP level 3. HP: 12/30 MP: 2/4
  1068 | D:2      | Acquired Lugonu's second power
  1289 | D:2      | Noticed a giant frog
  1835 | D:3      | Reached XP level 4. HP: 34/37 MP: 6/6
  1846 | D:3      | Killed from afar by an orc wizard

Action                   |  1- 3 |  4- 6 || total
-------------------------+-------+-------++-------
Melee: Hand axe          |   100 |     8 ||   108
  Use: Potion            |     2 |       ||     2
